 Dungeon Crawl Stone Soup version 0.31.0-11-ge490571c62 (webtiles) character file.

Game seed: 3385945738317394189

254 PaiMei the Digger (level 6, -2/32 HPs)
             Began as a Gargoyle Earth Elementalist on Feb 1, 2024.
             Killed by divine providence
             ... invoked by an orc priest
              (13 damage)
             ... on level 4 of the Dungeon.
             The game lasted 00:07:34 (3966 turns).

PaiMei the Digger (Gargoyle Earth Elementalist)     Turns: 3966, Time: 00:07:34

Health: -2/32      AC:  9    Str: 11    XL:     6   Next: 14%
Magic:  10/10      EV: 11    Int: 18    God:
Gold:   186        SH:  3    Dex: 10    Spells: 10/11 levels left

rFire   . . .        C - +0 spear
rCold   . . .        m - +0 buckler
rNeg    + + .        a - +0 robe
rPois   ∞            (no helmet)
rElec   +            v - scarf {repulsion}
rCorr   .            (no gloves)
SInv    .            o - +2 pair of boots
Will    .....        g - amulet of magic regeneration
Stlth   ++           i - ring of positive energy
HPRegen 0.25/turn    (no ring)
MPRegen 0.52/turn

%: repel missiles
@: no status effects
A: sickness immunity, AC +4, negative energy resistance 1, electricity
resistance, torment resistance 1, petrification resistance
a: no special abilities


You were on level 4 of the Dungeon.
You visited 1 branch of the dungeon, and saw 4 of its levels.

You collected 186 gold pieces.

Inventory:

Hand Weapons
 d - a +0 club
 C - a +0 spear (weapon)
Missiles
 p - 16 stones
 r - a throwing net
Armour
 a - a +0 robe (worn)
 m - a +0 buckler (worn)
 o - a +2 pair of boots (worn)
 v - a scarf of repulsion (worn)
Jewellery
 g - an amulet of magic regeneration (around neck)
 i - a ring of positive energy (left hand)
 l - an amulet of reflection
 y - a +6 ring of intelligence
 z - a ring of positive energy
Scrolls
 e - a scroll of acquirement {unknown}
 f - 2 scrolls of blinking {unknown}
 n - a scroll of teleportation {unknown}
 q - 2 scrolls of identify {unknown}
 s - a scroll of fear {unknown}
 t - a scroll of enchant armour {unknown}
 u - a scroll of amnesia {unknown}
 w - a scroll of vulnerability {unknown}
 A - a scroll of revelation {unknown}
Potions
 b - a potion of magic
 c - a potion of enlightenment {unknown}
 h - 3 potions of attraction {unknown}
 j - a potion of might {unknown}
 k - a potion of curing {unknown}
 x - a potion of brilliance {unknown}
 B - a potion of heal wounds {unknown}


   Skills:
 + Level 2.6 Dodging
 + Level 3.7 Stealth
 + Level 3.1 Spellcasting
 + Level 3.0 Conjurations
 + Level 4.8 Earth Magic


You had 10 spell levels left.
You knew the following spells:

 Your Spells              Type           Power      Damage    Failure   Level
a - Sandblast             Erth           40%        2d10      3%          1

Your spell library contained the following spells:

 Spells                   Type           Power      Damage    Failure   Level
 Passwall                 Erth           20%        N/A       10%         3
 Sting                    Conj/Alch      32%        1d5       13%         1
 Stone Arrow              Conj/Erth      34%        3d9       14%         3
 Apportation              Tloc           4%         N/A       24%         1
 Necrotise                Necr           8%         1d4       24%         1
 Summon Small Mammal      Summ           8%         N/A       24%         1
 Lesser Beckoning         Tloc           4%         N/A       34%         2
 Brom's Barrelling Bould  Conj/Erth      17%        2d4       43%         4
 Gell's Gravitas          Tloc           2%         N/A       56%         3
 Inner Flame              Hex/Fire       2%         N/A       56%         3
 Teleport Other           Tloc           2%         N/A       56%         3
 Petrify                  Alch/Erth      11%        N/A       65%         4
 Irradiate                Conj/Alch      4%         3d13      98%         5
 Freezing Cloud           Conj/Ice/Air   3%         6-21      99%         5
 Summon Forest            Summ/Tloc      1%         N/A       100%        5
 Sculpt Simulacrum        Ice/Alch       1%         N/A       100%        6
 Ignition                 Fire           1%         3d3       100%        8


Dungeon Overview and Level Annotations

Branches:
Dungeon (4/15)
 Temple: D:4-7

Altars:
Cheibriados
Gozag
Hepliaklqana
Xom
The Shining One

Shops:
D:2 :   D:4 [


Innate Abilities, Weirdness & Mutations

You are immune to sickness and miasma.
Your stone body is resilient. (AC +4)
You are immune to poison.
You resist negative energy. (rN+)
You are resistant to electric shocks. (rElec)
You are resistant to unholy torment.
You are immune to petrification.


Message History

You kill the orc!
The orc priest shouts!
Casting: Sandblast (safe; 3% risk of failure)
Confirm with . or Enter, or press ? or * to list all spells.
Aiming: Sandblast (safe; 3% risk of failure)
Press: ? - help, Shift-Dir - straight line, f - orc
Aim: an orc, wielding a +0 mace (83% to hit)
The blast of sand hits the orc!
You kill the orc!
You hit the orc priest.
The orc priest is moderately wounded.
The orc priest hits you but does no damage.
The orc priest misses you.
You barely miss the orc priest.
The orc priest is moderately wounded.
The orc priest calls down the wrath of Beogh upon you.
Beogh smites you!
Casting: Sandblast (safe; 3% risk of failure)
Confirm with . or Enter, or press ? or * to list all spells.
Aiming: Sandblast (safe; 3% risk of failure)
Press: ? - help, Shift-Dir - straight line, f - orc priest
Aim: an orc priest, wielding a +0 dagger (moderately wounded, 83% to hit)
The blast of sand hits the orc priest.
The orc priest is severely wounded.
The orc priest hits you with a +0 dagger.
You closely miss the orc priest.
The orc priest is severely wounded.
The orc priest hits you but does no damage.
Casting: Sandblast (safe; 3% risk of failure)
Confirm with . or Enter, or press ? or * to list all spells.
Aiming: Sandblast (safe; 3% risk of failure)
Press: ? - help, Shift-Dir - straight line, f/p - orc priest
Aim: an orc priest, wielding a +0 dagger (severely wounded, 83% to hit)
The blast of sand hits the orc priest.
The orc priest is almost dead.
The orc priest invokes the aid of Beogh against you.
Beogh smites you!
The orc priest mumbles some strange prayers to Beogh against you.
Beogh smites you!
You die...

#.#
.#...#.#.#.###.#
... #.#)#...#.#
#.###.#
#######.###.#
............#
.######.#####
.....<..##
.........####.#
#........@o)..#
.........###.....
.........# ###
.....##### [###.
.. ##


You could see an orc priest.

Vanquished Creatures
  A phantom (D:3)
  An orc wizard (D:3)
  A gnoll (D:2)
  6 adders
  2 dart slugs (D:1)
  3 ribbon worms
  6 orcs
  4 ball pythons
  6 endoplasms
  A giant cockroach (D:2)
  10 goblins
  2 hobgoblins
  8 quokkas
  5 bats
  8 frilled lizards
  3 kobolds
  4 rats
71 creatures vanquished.

Notes
Turn   | Place    | Note
-------+----------+-------------------------------------------
     0 | D:1      | PaiMei the Gargoyle Earth Elementalist began the quest for
                  | the Orb.
     0 | D:1      | Reached XP level 1. HP: 10/10 MP: 3/3
    36 | D:1      | Found a faded altar of an unknown god.
   332 | D:1      | Reached XP level 2. HP: 8/15 MP: 5/5
   752 | D:1      | Reached XP level 3. HP: 19/19 MP: 6/6
   923 | D:1      | Reached skill level 4 in Earth Magic
  1772 | D:2      | Found Zaotithria's Vocational Training.
  2025 | D:2      | Reached XP level 4. HP: 17/24 MP: 5/7
  2682 | D:3      | Reached XP level 5. HP: 27/28 MP: 9/9
  2766 | D:3      | Found a snail-covered altar of Cheibriados.
  2884 | D:3      | Noticed a phantom
  2894 | D:3      | Killed a phantom
  3449 | D:3      | Found a hazy altar of Hepliaklqana.
  3450 | D:3      | Found an opulent altar of Gozag.
  3450 | D:3      | Found a shimmering altar of Xom.
  3452 | D:3      | Found a glowing golden altar of the Shining One.
  3456 | D:3      | Got the Tome of Snowy Peregrination
  3810 | D:4      | Reached XP level 6. HP: 26/32 MP: 10/10
  3851 | D:4      | Found Zanniul's Armour Emporium.
  3966 | D:4      | Killed from afar by an orc priest

Illustrated notes

Levels and vault maps discovered:
D:1:      sevenhm_arrival_forest_fort_small_6, layout_loops_corners,
          basic_ecumenical_altar, minmay_pentomino_o4
D:2:      minmay_alternating_diamond, layout_rooms, nicolae_shop_vocational
D:3:      layout_loops_ring, grunt_temple_overflow_open, chei_slow_surprise,
          hangedman_feature_mirror
D:4:      layout_basic, elyvilon_altar_4, minmay_temple_entry_from_below_b,
          serial_shops, shop, uniq_grinder

Skill      XL: |  1  2  3  4  5  6 |
---------------+-------------------+-----
Earth Magic    | 4 |  4.8
Dodging        | 2 |  2.6
Conjurations   | 2 3 |  3.0
Stealth        | 3 |  3.7
Spellcasting   | 3 |  3.1

Action                     |  1- 3 |  4- 6 || total
---------------------------+-------+-------++-------
  Melee: Unarmed           |    33 |       ||    33
         Club              |   142 |   155 ||   297
         Spear             |       |    32 ||    32
   Cast: Sandblast         |    12 |    28 ||    40
   Stab: Sleeping          |     5 |     5 ||    10
 Armour: Robe              |   118 |   148 ||   266
  Dodge: Dodged            |   157 |   126 ||   283
         Repelled          |       |     3 ||     3
  Block: Buckler           |       |    34 ||    34
